TOP OF THE 1ST |
District 9 Prawns batting - Pitching for Las Vegas Stars : RHP Ron Moore
|
Pitching: RHP Ron Moore
|
|
Batting: SHB José Estreito
|
0-0: Called Strike 0-1: Ball 1-1: Ball 2-1: Foul Ball, location: 2F 2-2: Strikes out looking
|
Batting: RHB José Colón
|
0-0: Ball 1-0: Called Strike 1-1: Ground out 1-3 (Groundball, P)
|
Batting: LHB Mike Davis
|
0-0: Foul Ball, location: 2F 0-1: Ball 1-1: Ball 2-1: Ball 3-1: Called Strike 3-2: SINGLE (Flyball, 78S)
|
Batting: LHB Leonard Young
|
0-0: Foul Ball, location: 2F 0-1: Swinging Strike 0-2: Ball 1-2: Ball 2-2: Strikes out swinging
|
Top of the 1st over - 0 run(s), 1 hit(s), 0 error(s), 1 left on base; District 9 0 - Las Vegas 0 |
BOTTOM OF THE 1ST |
Las Vegas Stars batting - Pitching for District 9 Prawns : RHP Fernando Mendoza
|
Pitching: RHP Fernando Mendoza
|
|
Batting: SHB Júlio Salazar
|
0-0: Bunt missed! 0-1: Foul Ball, location: 2F 0-2: Ball 1-2: SINGLE (Line Drive, 8LS)
|
Batting: RHB Pedro Mata
|
0-0: Called Strike 0-1: Called Strike 0-2: Ball 1-2: Ball Júlio Salazar is caught stealing 2nd base 2-2: Foul Ball, location: 2F 2-2: Ground out 6-3 (Groundball, 56)
|
Batting: LHB Paco Rivera
|
0-0: Ball 1-0: Foul Ball, location: 2F 1-1: Ball 2-1: Ball 3-1: SINGLE (Flyball, 78S)
|
Batting: LHB Clint Parkinson
|
0-0: Ball 1-0: Swinging Strike 1-1: Ball 2-1: Fly out, F9 (Flyball, 9S)
|
Bottom of the 1st over - 0 run(s), 2 hit(s), 0 error(s), 1 left on base; District 9 0 - Las Vegas 0 |
TOP OF THE 2ND |
District 9 Prawns batting - Pitching for Las Vegas Stars : RHP Ron Moore
|
Batting: RHB Reynold Akker
|
0-0: Called Strike 0-1: Foul Ball, location: 2F 0-2: Ball 1-2: Fly out, F4 (Popup, 34D)
|
Batting: RHB Gil Palmer
|
0-0: Called Strike 0-1: Ball 1-1: Ball 2-1: Foul Ball, location: 2F 2-2: Ball 3-2: Strikes out swinging
|
Batting: RHB Edgardo Carrasco
|
0-0: Swinging Strike 0-1: Ball 1-1: Ground out 5-3 (Groundball, 5S)
|
Top of the 2nd over - 0 run(s), 0 hit(s), 0 error(s), 0 left on base; District 9 0 - Las Vegas 0 |
BOTTOM OF THE 2ND |
Las Vegas Stars batting - Pitching for District 9 Prawns : RHP Fernando Mendoza
|
Batting: RHB Brandon Pope
|
0-0: Ball 1-0: Called Strike 1-1: Called Strike 1-2: Ground out 5-3 (Groundball, 56)
|
Batting: RHB Jonathan MacVey
|
0-0: Swinging Strike 0-1: Hit by Pitch
|
Batting: RHB Zack Flint
|
0-0: Foul Ball, location: 2F 0-1: Foul Ball, location: 2F 0-2: Ball 1-2: Foul Ball, location: 2F 1-2: Foul Ball, location: 2F 1-2: Strikes out swinging
|
Batting: LHB Nathan Frey
|
0-0: Ground out 5-3 (Groundball, 56S)
|
Bottom of the 2nd over - 0 run(s), 0 hit(s), 0 error(s), 1 left on base; District 9 0 - Las Vegas 0 |
TOP OF THE 3RD |
District 9 Prawns batting - Pitching for Las Vegas Stars : RHP Ron Moore
|
Batting: LHB Al Bartlett
|
0-0: Ball 1-0: Foul Ball, location: 2F 1-1: Fly out, F8 (Flyball, 89D)
|
Batting: RHB Jim Edgar
|
0-0: Foul Ball, location: 2F 0-1: SINGLE (Groundball, 4MD)
|
Batting: SHB José Estreito
|
0-0: Called Strike 0-1: Ball 1-1: Swinging Strike 1-2: Foul Ball, location: 2F 1-2: Ball 2-2: Fly out, F8 (Flyball, 8LM)
|
Batting: RHB José Colón
|
0-0: Ball 1-0: Ball 2-0: Ball 3-0: Base on Balls Jim Edgar to second
|
Batting: LHB Mike Davis
|
0-0: Fly out, F7 (Flyball, 78S)
|
Top of the 3rd over - 0 run(s), 1 hit(s), 0 error(s), 2 left on base; District 9 0 - Las Vegas 0 |
BOTTOM OF THE 3RD |
Las Vegas Stars batting - Pitching for District 9 Prawns : RHP Fernando Mendoza
|
Batting: RHB Bobby Miller
|
0-0: Ball 1-0: Foul Ball, location: 2F 1-1: Fly out, F7 (Flyball, 7)
|
Batting: SHB Júlio Salazar
|
0-0: Ball 1-0: Ball 2-0: Ball 3-0: Base on Balls
|
Batting: RHB Pedro Mata
|
0-0: Called Strike 0-1: Called Strike 0-2: Ball 1-2: Foul Ball, location: 2F 1-2: Ground out 2-3 (Groundball, 15S) Júlio Salazar to second
|
Batting: LHB Paco Rivera
|
0-0: Ball 1-0: Called Strike 1-1: DOUBLE (Line Drive, 78XD) Júlio Salazar scores
|
Batting: LHB Clint Parkinson
|
0-0: Called Strike 0-1: Ball 1-1: Foul Ball, location: 2F 1-2: SINGLE (Groundball, 56D) Paco Rivera to third Runner from 3rd tries for Home, SAFE, no throw
|
Batting: RHB Brandon Pope
|
0-0: Ball 1-0: Ball 2-0: Fly out, F9 (Line Drive, 9)
|
Bottom of the 3rd over - 2 run(s), 2 hit(s), 0 error(s), 1 left on base; District 9 0 - Las Vegas 2 |
TOP OF THE 4TH |
District 9 Prawns batting - Pitching for Las Vegas Stars : RHP Ron Moore
|
Batting: LHB Leonard Young
|
0-0: Ball 1-0: Ball 2-0: Ball 3-0: Called Strike 3-1: Foul Ball, location: 2F 3-2: Base on Balls
|
Batting: RHB Reynold Akker
|
0-0: Called Strike 0-1: Called Strike 0-2: Strikes out swinging
|
Batting: RHB Gil Palmer
|
0-0: Swinging Strike 0-1: Foul Ball, location: 2F 0-2: Foul Ball, location: 2F 0-2: Ball 1-2: Foul Ball, location: 2F 1-2: Foul Ball, location: 2F 1-2: Ball 2-2: Foul Ball, location: 2F 2-2: Ball 3-2: Fly out, F2 (Popup, 25)
|
Batting: RHB Edgardo Carrasco
|
0-0: Swinging Strike 0-1: Fly out, F7 (Flyball, 78M)
|
Top of the 4th over - 0 run(s), 0 hit(s), 0 error(s), 1 left on base; District 9 0 - Las Vegas 2 |
BOTTOM OF THE 4TH |
Las Vegas Stars batting - Pitching for District 9 Prawns : RHP Fernando Mendoza
|
Batting: RHB Jonathan MacVey
|
0-0: Ball 1-0: Ground out 6-3 (Groundball, 6)
|
Batting: RHB Zack Flint
|
0-0: Called Strike 0-1: Ball 1-1: Ground out 6-3 (Groundball, 6)
|
Batting: LHB Nathan Frey
|
0-0: Foul Ball, location: 2F 0-1: Fly out, F7 (Flyball, 7)
|
Bottom of the 4th over - 0 run(s), 0 hit(s), 0 error(s), 0 left on base; District 9 0 - Las Vegas 2 |
TOP OF THE 5TH |
District 9 Prawns batting - Pitching for Las Vegas Stars : RHP Ron Moore
|
Batting: LHB Al Bartlett
|
0-0: Called Strike 0-1: Ball 1-1: Foul Ball, location: 2F 1-2: Strikes out swinging
|
Batting: RHB Jim Edgar
|
0-0: Foul Ball, location: 2F 0-1: Foul Ball, location: 2F 0-2: Foul Ball, location: 2F 0-2: Ball 1-2: Strikes out swinging
|
Batting: SHB José Estreito
|
0-0: Foul Ball, location: 2F 0-1: Ball 1-1: Swinging Strike 1-2: Foul Ball, location: 2F 1-2: Ball 2-2: Foul Ball, location: 2F 2-2: Strikes out swinging
|
Top of the 5th over - 0 run(s), 0 hit(s), 0 error(s), 0 left on base; District 9 0 - Las Vegas 2 |
BOTTOM OF THE 5TH |
Las Vegas Stars batting - Pitching for District 9 Prawns : RHP Fernando Mendoza
|
Batting: RHB Bobby Miller
|
0-0: Foul Ball, location: 2F 0-1: Called Strike 0-2: Strikes out swinging
|
Batting: SHB Júlio Salazar
|
0-0: Foul Ball, location: 2F 0-1: Ball 1-1: Ball 2-1: Ground out U3 (Groundball, 34)
|
Batting: RHB Pedro Mata
|
0-0: Foul Ball, location: 2F 0-1: Ball 1-1: SOLO HOME RUN (Flyball, 78XD), Distance : 421 ft
|
Batting: LHB Paco Rivera
|
0-0: Called Strike 0-1: Fly out, F8 (Flyball, 8RD)
|
Bottom of the 5th over - 1 run(s), 1 hit(s), 0 error(s), 0 left on base; District 9 0 - Las Vegas 3 |
TOP OF THE 6TH |
District 9 Prawns batting - Pitching for Las Vegas Stars : RHP Ron Moore
|
Batting: RHB José Colón
|
0-0: Called Strike 0-1: Foul Ball, location: 2F 0-2: Ball 1-2: Foul Ball, location: 2F 1-2: Ball 2-2: Ball 3-2: Foul Ball, location: 2F 3-2: Strikes out swinging
|
Batting: LHB Mike Davis
|
0-0: Ball 1-0: Ball 2-0: Swinging Strike 2-1: Ball 3-1: Base on Balls
|
Batting: LHB Leonard Young
|
0-0: Fly out, F7 (Flyball, 78S)
|
Batting: RHB Reynold Akker
|
0-0: Fly out, F2 (Popup, 3S)
|
Top of the 6th over - 0 run(s), 0 hit(s), 0 error(s), 1 left on base; District 9 0 - Las Vegas 3 |
BOTTOM OF THE 6TH |
Las Vegas Stars batting - Pitching for District 9 Prawns : RHP Fernando Mendoza
|
Batting: LHB Clint Parkinson
|
0-0: Fly out, F8 (Flyball, 8RXD)
|
Batting: RHB Brandon Pope
|
0-0: Ground out 4-3 (Groundball, 4M)
|
Batting: RHB Jonathan MacVey
|
0-0: Swinging Strike 0-1: Fly out, F6 (Line Drive, 6M)
|
Bottom of the 6th over - 0 run(s), 0 hit(s), 0 error(s), 0 left on base; District 9 0 - Las Vegas 3 |
TOP OF THE 7TH |
District 9 Prawns batting - Pitching for Las Vegas Stars : RHP Ron Moore
|
Pitching: RHP Roberto Moreno
|
|
Batting: RHB Gil Palmer
|
0-0: Called Strike 0-1: Foul Ball, location: 2F 0-2: Strikes out looking
|
Batting: RHB Edgardo Carrasco
|
0-0: Called Strike 0-1: Swinging Strike 0-2: Foul Ball, location: 2F 0-2: Foul Ball, location: 2F 0-2: Reached on error, E2 (Groundball, 2R)
|
Batting: LHB Al Bartlett
|
0-0: Called Strike 0-1: Swinging Strike 0-2: Ball 1-2: Strikes out swinging
|
Batting: RHB Jim Edgar
|
0-0: Ball 1-0: Ball 2-0: Called Strike 2-1: Foul Ball, location: 2F 2-2: Strikes out swinging
|
Top of the 7th over - 0 run(s), 0 hit(s), 1 error(s), 1 left on base; District 9 0 - Las Vegas 3 |
BOTTOM OF THE 7TH |
Las Vegas Stars batting - Pitching for District 9 Prawns : RHP Fernando Mendoza
|
Batting: RHB Zack Flint
|
0-0: Ball 1-0: Ball 2-0: Foul Ball, location: 2F 2-1: Ball 3-1: Foul Ball, location: 2F 3-2: Foul Ball, location: 2F 3-2: Foul Ball, location: 2F 3-2: Base on Balls
|
Pitching: LHP Ben Johnson
|
|
Batting: LHB Nathan Frey
|
0-0: Foul Ball, location: 2F 0-1: Ball 1-1: Foul Ball, location: 2F 1-2: Ball 2-2: Ball 3-2: Foul Ball, location: 2F 3-2: DOUBLE (Line Drive, 9LM) Zack Flint to third
|
Batting: RHB Bobby Miller
|
0-0: Fly out, F8 (Flyball, 8LS) Runner from 3rd tags up, SCORES, no throw
|
Batting: SHB Júlio Salazar
|
0-0: Called Strike 0-1: Foul Ball, location: 2F 0-2: SINGLE (Line Drive, 7S) Nathan Frey to third
|
Batting: RHB Pedro Mata
|
0-0: Called Strike 0-1: Ball 1-1: Ball 2-1: SINGLE (Line Drive, 78S) Nathan Frey scores Júlio Salazar to second
|
Batting: LHB Paco Rivera
|
0-0: Foul Ball, location: 2F 0-1: SINGLE (Line Drive, 34D) Júlio Salazar to third Pedro Mata to second Runner from 3rd tries for Home, SAFE, no throw
|
Batting: LHB Clint Parkinson
|
0-0: Called Strike 0-1: Ball 1-1: DOUBLE (Groundball, 3D) Pedro Mata scores Paco Rivera to third Runner from 3rd tries for Home, SAFE, throw made home
|
Pitching: RHP Eduardo Delgado
|
|
Batting: RHB Brandon Pope
|
0-0: Called Strike 0-1: Ball 1-1: Called Strike 1-2: Foul Ball, location: 2F 1-2: Ball 2-2: Strikes out swinging
|
Batting: RHB Jonathan MacVey
|
0-0: Swinging Strike 0-1: Ball 1-1: DOUBLE (Line Drive, 7LS) Clint Parkinson scores
|
Batting: RHB Zack Flint
|
0-0: Foul Ball, location: 2F 0-1: Ball 1-1: Foul Ball, location: 2F 1-2: Strikes out swinging
|
Bottom of the 7th over - 6 run(s), 6 hit(s), 0 error(s), 1 left on base; District 9 0 - Las Vegas 9 |
TOP OF THE 8TH |
District 9 Prawns batting - Pitching for Las Vegas Stars : RHP Roberto Moreno
|
Now at 2B: Héctor Barajas
|
|
Batting: SHB José Estreito
|
0-0: Ball 1-0: Ball 2-0: Ball 3-0: Called Strike 3-1: Base on Balls
|
Batting: RHB José Colón
|
0-0: Ball 1-0: Ball 2-0: Ball 3-0: Called Strike 3-1: Base on Balls José Estreito to second
|
Batting: LHB Mike Davis
|
0-0: Foul Ball, location: 2F 0-1: Swinging Strike 0-2: Foul Ball, location: 2F 0-2: Ball 1-2: Foul Ball, location: 2F 1-2: Ball 2-2: Strikes out swinging
|
Batting: LHB Leonard Young
|
0-0: Ball 1-0: Foul Ball, location: 2F 1-1: Foul Ball, location: 2F 1-2: Strikes out swinging
|
Batting: RHB Reynold Akker
|
0-0: Ball 1-0: Called Strike 1-1: Fly out, F4 (Popup, 34D)
|
Top of the 8th over - 0 run(s), 0 hit(s), 0 error(s), 2 left on base; District 9 0 - Las Vegas 9 |
BOTTOM OF THE 8TH |
Las Vegas Stars batting - Pitching for District 9 Prawns : RHP Eduardo Delgado
|
Batting: LHB Nathan Frey
|
0-0: Swinging Strike 0-1: Swinging Strike 0-2: Ball 1-2: Strikes out looking
|
Batting: RHB Bobby Miller
|
0-0: Foul Ball, location: 2F 0-1: Ball 1-1: Ball 2-1: Swinging Strike 2-2: Ground out 5-3 (Groundball, 56S)
|
Batting: SHB Júlio Salazar
|
0-0: Ball 1-0: Called Strike 1-1: Fly out, F4 (Line Drive, 4)
|
Bottom of the 8th over - 0 run(s), 0 hit(s), 0 error(s), 0 left on base; District 9 0 - Las Vegas 9 |
TOP OF THE 9TH |
District 9 Prawns batting - Pitching for Las Vegas Stars : RHP Roberto Moreno
|
Now in RF: León Rivera
|
|
Batting: RHB Gil Palmer
|
0-0: Called Strike 0-1: Called Strike 0-2: Foul Ball, location: 2F 0-2: Ball 1-2: Strikes out looking
|
Batting: RHB Edgardo Carrasco
|
0-0: SOLO HOME RUN (Line Drive, 7LD), Distance : 391 ft
|
Batting: LHB Al Bartlett
|
0-0: Called Strike 0-1: Called Strike 0-2: Fly out, F7 (Flyball, 7D)
|
Batting: RHB Jim Edgar
|
0-0: Ball 1-0: Called Strike 1-1: Ground out 1-3 (Groundball, P)
|
Top of the 9th over - 1 run(s), 1 hit(s), 0 error(s), 0 left on base; District 9 1 - Las Vegas 9 |
|